 Dungeon Crawl Stone Soup version 0.21.1-1-g345015fe64 (webtiles) character file.

21928 Gargoyl the Cleaver (level 12, -7/151 HPs)
             Began as a Centaur Abyssal Knight on July 6, 2018.
             Was a High Priest of Lugonu.
             Mangled by a catoblepas (11 damage)
             ... on level 3 of the Lair of Beasts on July 8, 2018.
             The game lasted 00:35:55 (18144 turns).

Gargoyl the Cleaver (Centaur Abyssal Knight)       Turns: 18144, Time: 00:35:56

Health: -7/151     AC: 26    Str: 18    XL:     12   Next: 58%
Magic:  19/19      EV:  1    Int: 11    God:    Lugonu [*****.]
Gold:   1121       SH:  0    Dex: 11    Spells: 11/11 levels left

rFire    + . .     SeeInvis +   M - +2 war axe (venom)
rCold    . . .     Gourm    .   (no shield)
rNeg     + + +     Faith    .   (armour currently unavailable)
rPois    ∞         Spirit   .   (helmet currently unavailable)
rElec    .         Reflect  +   (cloak currently unavailable)
rCorr    .         Harm     .   (gloves currently unavailable)
MR       .....     NoTele   +   (no barding)
Stlth    +.........             H - +5 amulet of reflection
HPRegen  0.75/turn              y - ring of see invisible
MPRegen  0.16/turn              A - ring of protection from fire

@: tree-form, petrified
A: large, regeneration 1
a: Depart the Abyss, Bend Space, Banish, Corrupt, Enter the Abyss, Renounce
Religion


You were on level 3 of the Lair of Beasts.
You worshipped Lugonu.
Lugonu was extremely pleased with you.
You were not hungry.
You were a tree.
You visited 2 branches of the dungeon, and saw 12 of its levels.
You visited the Abyss 1 time.
You also visited: Sewer and Volcano.

You collected 1121 gold pieces.

Inventory:

Hand Weapons
 a - a +4 hand axe
 M - a +2 war axe of venom (weapon)
Missiles
 p - 15 tomahawks (quivered)
Armour
 m - a +1 cloak of fire resistance (melded)
 q - a +1 helmet (melded)
 D - a +0 plate armour (melded)
 G - a cursed +0 pair of gloves (melded)
Jewellery
 l - an uncursed ring of resist corrosion
 y - a ring of see invisible (left branch)
 A - a ring of protection from fire (right branch)
 H - a +5 amulet of reflection (around neck)
Wands
 f - a wand of random effects (70)
 g - a wand of iceblast (22)
 s - a wand of flame (104)
 v - a wand of paralysis (23)
 z - a wand of clouds (6)
 F - a wand of acid (3)
Scrolls
 h - 3 scrolls of fog
 j - 2 scrolls of amnesia
 B - 7 scrolls of teleportation
 E - 2 scrolls of blinking
 J - 3 scrolls of remove curse
 L - a scroll of fear
 N - 3 scrolls of identify
Potions
 b - a potion of flight {unknown}
 d - a potion of heal wounds
 e - 8 potions of curing
 i - 2 potions of mutation
 k - 6 potions of brilliance
 n - 2 potions of lignification
 o - 3 potions of agility
 r - 8 potions of might
 t - 3 potions of resistance {unknown}
 u - 2 potions of invisibility
 w - 2 potions of ambrosia {unknown}
 x - 2 potions of berserk rage {unknown}
Books
 C - a book of Geomancy

   Spells                             Type                      Level
   a - Sandblast                      Earth                        1
   b - Passwall                       Transmutation/Earth          2
   c - Stone Arrow                    Conjuration/Earth            3
   d - Petrify                        Transmutation/Earth          4
   e - Lee's Rapid Deconstruction     Earth                        5
 I - a book of Misfortune

   Spells                             Type                      Level
   a - Confusing Touch                Hexes                        1
   b - Confuse                        Hexes                        3
   c - Gell's Gravitas                Translocation                3
   d - Petrify                        Transmutation/Earth          4
   e - Metabolic Englaciation         Hexes/Ice                    5
   f - Yara's Violent Unravelling     Hexes/Transmutation          5
Comestibles
 c - 19 rations


   Skills:
 + Level 8.0 Fighting
 + Level 10.7 Axes
 + Level 0.1 Throwing
 * Level 10.0 Armour
 + Level 2.5 Dodging
 * Level 10.5 Invocations
 + Level 1.2 Evocations


You had 11 spell levels left.
You didn't know any spells.

Dungeon Overview and Level Annotations

Branches:
Dungeon (9/15)             Temple (0/1) D:4            Lair (3/6) D:9
  Swamp (0/4) Lair:3        Snake (0/4) Lair:3          Orc (0/2) D:9

Altars:
Ashenzari
Cheibriados
Elyvilon
Fedhas
Makhleb
Trog
Uskayaw
Vehumet
Xom
The Shining One

Shops:
D:6 !   D:7 }


Innate Abilities, Weirdness & Mutations

((You have hooves in place of feet.))
((Armour fits poorly on your strangely shaped body.))
((You cover ground very quickly.))
((You have extremely tough skin. (AC +3)))
((Your flesh is heat resistant. (rF+)))
Your natural rate of healing is unusually fast.


Message History

The catoblepas looks even sicker.
The catoblepas is lightly wounded.
You are engulfed in calcifying dust.
You are slowing down.
The catoblepas gores you!
* * * LOW HITPOINT WARNING * * *
You hit the catoblepas but do no damage.
The catoblepas looks as sick as possible!
The catoblepas is lightly wounded.
You are engulfed in calcifying dust.
Your limbs have turned to stone.
The catoblepas breathes a plume of calcifying dust at you.
The blast of calcifying dust hits you!
* * * LOW HITPOINT WARNING * * *
The catoblepas gores you!
* * * LOW HITPOINT WARNING * * *
You have turned to stone.
You are engulfed in calcifying dust.
The catoblepas gores you but does no damage.
You are engulfed in calcifying dust.
The catoblepas gores you!!
You die...

## .#..[. P##
####§§....
..#####P
###§§§.§.§..
.........
####...§.......
#.####...
......§>§§.....
.##
##..§§§......
##
#......§.....
##..Y........ #
##.♣†....... #
#.......... #
##§......##
#§.#.####
##..## #..##
######
#.#..###P##.#
#.#.........##
###..........#


You could see a catoblepas.

Vanquished Creatures
  A centaur warrior (D:9)
  A skeletal warrior (Volcano)
  Pikel (D:9)
  An anaconda skeleton (Volcano)
  4 oklob plants (Lair:1)
  The ghost of tidbits the Grave Robber, a novice GnNe of Cheibriados (D:8)
  An ugly thing (D:8)
  A black mamba (Lair:2)
  3 gargoyles (Volcano)
  4 spiny frogs
  2 rime drakes
  6 komodo dragons
  2 harpy skeletons (Volcano)
  3 polar bears (Lair:3)
  5 hippogriffs
  A flying skull (Volcano)
  A spriggan (D:9)
  A wyvern (D:9)
  2 basilisks
  A hungry ghost (D:9)
  A steam dragon (D:9)
  A two-headed ogre zombie (D:9)
  6 water moccasins
  Duvessa (D:5)
  6 porcupines
  7 orc warriors
  4 black bears
  2 sky beasts
  An ice beast (D:5)
  2 slaves (D:9)
  7 necrophages (D:8)
  7 ogres
  2 phantoms (D:9)
  2 centaurs (D:9)
  5 crocodiles
  2 big kobolds
  6 bullfrogs
  A wyvern zombie (D:8)
  Dowan (D:5)
  A water moccasin zombie (D:5)
  A wyvern skeleton (D:6)
  2 scorpions (D:7)
  A troll zombie (D:9)
  4 killer bees (D:7)
  2 wights (D:8)
  A howler monkey (D:8)
  A troll skeleton (Volcano)
  A spriggan skeleton (Volcano)
  6 crimson imps
  3 bullfrog zombies
  A centaur zombie (D:9)
  3 jellies
  2 quasits
  9 orc priests
  10 orc wizards
  4 bullfrog skeletons
  3 hounds
  Terence (D:2)
  Natasha (thrice) (D:2)
  3 iguanas
  7 worker ants
  6 ogre zombies (D:9)
  4 hound zombies
  A mummy (D:8)
  3 hound skeletons
  Robin (D:2)
  2 worker ant zombies
  4 gnolls
  2 howler monkey skeletons
  14 adders
  7 river rats (Sewer)
  A shadow imp (D:9)
  3 oozes
  An adder zombie (D:5)
  4 adder skeletons
  2 worms
  2 dart slugs
  5 leopard geckos
  58 orcs
  7 giant cockroaches
  19 goblins
  11 hobgoblins
  19 jackals
  30 kobolds
  6 quokkas
  7 ball pythons
  4 bats
  8 frilled lizards
  A goblin skeleton (D:9)
  4 goblin zombies (D:9)
  A hobgoblin skeleton (D:9)
  4 hobgoblin zombies (D:9)
  A jackal skeleton (D:7)
  An orc skeleton (D:9)
  13 orc zombies (D:9)
  A quokka zombie (D:8)
  21 rats
  5 plants (Lair:1)
458 creatures vanquished.

Vanquished Creatures (others)
  2 hydras
  A two-headed ogre (D:8)
  A skeletal warrior (Volcano)
  The ghost of bonnero the Gusty, a novice TeAE of Dithmenos (D:5)
  2 flying skulls (Volcano)
  A wyvern (D:9)
  A goblin zombie (D:9)
  A fungus (Lair:3)
  14 plants (Lair:1)
24 creatures vanquished.

Grand Total: 482 creatures vanquished

Notes
Turn   | Place    | Note
-------+----------+-------------------------------------------
     0 | Abyss:1  | Gargoyl the Centaur Abyssal Knight began the quest for the Orb.
     0 | Abyss:1  | Reached XP level 1. HP: 19/19 MP: 2/2
    59 | Abyss:1  | Noticed a thrashing horror
    59 | Abyss:1  | Noticed a tentacled starspawn
    61 | D:1      | Escaped the Abyss
   464 | D:1      | Reached * piety under Lugonu
   578 | D:1      | Reached XP level 2. HP: 17/26 MP: 3/3
   944 | D:1      | Reached skill level 1 in Dodging
  1327 | D:2      | Reached XP level 3. HP: 31/31 MP: 4/4
  1346 | D:2      | Noticed Terence
  1358 | D:2      | Killed Terence
  1358 | D:2      | Reached XP level 4. HP: 10/39 MP: 5/5
  1710 | D:2      | Noticed Natasha
  1721 | D:2      | Killed Natasha
  1757 | D:2      | Noticed Natasha
  1762 | D:2      | Killed Natasha
  1797 | D:2      | Noticed Natasha
  1804 | D:2      | Killed Natasha
  1804 | D:2      | Reached XP level 5. HP: 42/46 MP: 6/6
  1987 | D:2      | Noticed Robin
  1992 | D:2      | Reached ** piety under Lugonu
  2009 | D:2      | Killed Robin
  3226 | D:3      | Reached XP level 6. HP: 38/52 MP: 8/8
  3333 | D:3      | Found a glowing drain.
  3344 | Sewer    | Entered a sewer
  3604 | Sewer    | Reached *** piety under Lugonu
  5219 | D:4      | Found a staircase to the Ecumenical Temple.
  5245 | D:4      | Reached XP level 7. HP: 50/59 MP: 9/9
  5395 | D:4      | Reached **** piety under Lugonu
  5882 | D:4      | Found a shattered altar of Ashenzari.
  6191 | D:5      | Entered Level 5 of the Dungeon
  6596 | D:5      | Noticed bonnero's ghost (novice TeAE)
  6612 | D:5      | Banished bonnero's ghost
  6810 | D:5      | Reached XP level 8. HP: 65/67 MP: 11/11
  6939 | D:5      | Noticed Dowan
  6941 | D:5      | Noticed Duvessa
  7460 | D:5      | Killed Duvessa
  7460 | D:5      | Reached skill level 5 in Axes
  7674 | D:5      | Killed Dowan
  7674 | D:5      | Reached skill level 5 in Armour
  8389 | D:5      | Reached skill level 5 in Invocations
  8464 | D:5      | Reached skill level 5 in Fighting
  8920 | D:6      | Found a hide-covered altar of Uskayaw.
  8966 | D:6      | Reached XP level 9. HP: 68/74 MP: 12/12
  9303 | D:6      | Found a blossoming altar of Fedhas.
  9405 | D:6      | Found Abuwnopt's Distillery.
  9439 | D:6      | Gained mutation: Your natural rate of healing is unusually fast. [potion of mutation]
  9439 | D:6      | Gained mutation: Your flesh is heat resistant. (rF+) [potion of mutation]
  9975 | D:7      | Reached ***** piety under Lugonu
 10048 | D:7      | Found Qiaped's Gadget Emporium.
 10283 | D:7      | Found a shimmering altar of Xom.
 10546 | D:7      | Found a white marble altar of Elyvilon.
 10800 | D:7      | Found a blossoming altar of Fedhas.
 10800 | D:7      | Found a faded altar of an unknown god.
 10809 | D:7      | Found a glowing golden altar of the Shining One.
 10811 | D:7      | Found a faded altar of an unknown god.
 10813 | D:7      | Found a snail-covered altar of Cheibriados.
 11091 | D:8      | Noticed a two-headed ogre
 11108 | D:8      | Banished a two-headed ogre
 11108 | D:8      | Reached XP level 10. HP: 27/83 MP: 14/14
 11232 | D:8      | Found a burning altar of Makhleb.
 11247 | D:8      | Noticed a purple ugly thing
 11268 | D:8      | Killed a purple ugly thing
 11707 | D:8      | Noticed tidbits's ghost (novice GnNe)
 11734 | D:8      | Killed tidbits's ghost
 11990 | D:8      | Found a bloodstained altar of Trog.
 12274 | D:9      | Noticed a centaur warrior
 12279 | D:9      | Found a staircase to the Lair.
 12312 | D:9      | Killed a centaur warrior
 12564 | D:9      | Reached XP level 11. HP: 75/91 MP: 16/16
 12597 | D:9      | Reached ****** piety under Lugonu
 12891 | D:9      | Found a staircase to the Orcish Mines.
 12952 | D:9      | Noticed Pikel
 12999 | D:9      | Killed Pikel
 13281 | D:9      | Found a radiant altar of Vehumet.
 13705 | Lair:1   | Entered Level 1 of the Lair of Beasts
 14798 | Lair:1   | Noticed an oklob plant
 14819 | Lair:1   | Killed an oklob plant
 14855 | Lair:1   | Noticed an oklob plant
 14858 | Lair:1   | Noticed an oklob plant
 14861 | Lair:1   | Noticed an oklob plant
 14868 | Lair:1   | Killed an oklob plant
 15057 | Lair:1   | Killed an oklob plant
 15057 | Lair:1   | Reached skill level 10 in Axes
 15122 | Lair:1   | Killed an oklob plant
 15615 | Lair:2   | Found a dark tunnel.
 15620 | Volcano  | Entered a volcano
 15844 | Volcano  | Reached XP level 12. HP: 45/100 MP: 18/18
 16650 | Lair:2   | Reached skill level 1 in Evocations
 16741 | Lair:2   | Reached skill level 10 in Invocations
 17131 | Lair:2   | Noticed a six-headed hydra
 17132 | Lair:2   | Banished a six-headed hydra
 17464 | Lair:3   | Noticed a seven-headed hydra
 17467 | Lair:3   | Banished a seven-headed hydra
 17580 | Lair:3   | Noticed a six-headed hydra
 17585 | Lair:3   | Banished a six-headed hydra
 17630 | Lair:3   | Reached skill level 10 in Armour
 17855 | Lair:3   | Found a staircase to the Snake Pit.
 18102 | Lair:3   | Found a staircase to the Swamp.
 18110 | Lair:3   | Noticed a catoblepas
 18142 | Lair:3   | HP: 2/151 [catoblepas (6)]
 18144 | Lair:3   | Mangled by a catoblepas

Skill      XL: |  1  2  3  4  5  6  7  8  9 10 11 12 |
---------------+-------------------------------------+-----
Axes           | 2 3 4 5 7 9 10 | 10.7
Dodging        | 1 2 |  2.5
Armour         | 2 3 4 5 7 8 9 10 | 10.0
Invocations    | 3 4 5 6 7 9 10 | 10.5
Fighting       | 4 5 6 7 8 |  8.0
Evocations     | 1 |  1.2
Throwing       | |  0.1

Action                   |  1- 3 |  4- 6 |  7- 9 | 10-12 || total
-------------------------+-------+-------+-------+-------++-------
Melee: Hand axe          |    66 |   380 |   533 |   315 ||  1294
       Kick              |    10 |    49 |   136 |   241 ||   436
       War axe           |       |       |       |   589 ||   589
Throw: Tomahawk          |       |       |     5 |       ||     5
Invok: Depart the Abyss  |     1 |       |       |       ||     1
       Banish            |       |       |     2 |    16 ||    18
Evoke: Wand              |       |       |       |     6 ||     6
  Use: Potion            |     1 |     3 |     5 |     9 ||    18
       Scroll            |       |    14 |     9 |     2 ||    25
  Eat: Chunk             |       |    12 |    13 |    15 ||    40
       Ration            |       |       |     1 |     4 ||     5
Armor: Leather armour    |    10 |       |       |       ||    10
       Chain mail        |    42 |   325 |   341 |    45 ||   753
       Skin              |       |    51 |       |     1 ||    52
       Plate armour      |       |       |    70 |   546 ||   616
Dodge: Dodged            |    23 |    95 |   146 |   178 ||   442
Block: Other             |       |       |     4 |   185 ||   189
       Reflection        |       |       |       |     3 ||     3
